 Dungeon Crawl Stone Soup version 0.17.0-24-gcfadda4 (webtiles) character file.

64 Gargoyl the Skirmisher (level 3, -2/29 HPs)
             Began as a Demonspawn Abyssal Knight on Nov 16, 2015.
             Was a Follower of Lugonu.
             Slain by Natasha (6 damage)
             ... on level 2 of the Dungeon.
             The game lasted 00:02:12 (1796 turns).

Gargoyl the Skirmisher (Demonspawn Abyssal Knight)  Turns: 1796, Time: 00:02:12

Health: -2/29      AC:  3    Str: 13    XL:     3   Next: 91%
Magic:  5/5        EV: 11    Int: 13    God:    Lugonu [*.....]
Gold:   37         SH:  0    Dex: 12    Spells: 0 memorised, 2 levels left

rFire  . . .     SeeInvis .     a - +1 hand axe
rCold  . . .     Clarity  .     b - +0 leather armour
rNeg   . . .     SustAt   .     (no shield)
rPois  .         Gourm    .     (helmet restricted)
rElec  .         Spirit   .     (no cloak)
rCorr  .         Warding  .     (no gloves)
rMut   .         Stasis   .     (no boots)
MR     .....                    (no amulet)
Stlth  +.........               (no ring)
                                (no ring)

@: slowed, very slow, not resistant to hostile enchantments, very unstealthy
A: horns 1
a: Depart the Abyss, Renounce Religion


You were on level 2 of the Dungeon.
You worshipped Lugonu.
Lugonu was aware of your devotion.
You were not hungry.

You visited 1 branch of the dungeon, and saw 2 of its levels.
You visited the Abyss 1 time.

You collected 37 gold pieces.

Inventory:

Hand Weapons
 a - a +1 hand axe (weapon)
Armour
 b - a +0 leather armour (worn)
Jewellery
 k - an uncursed ring of fire {unknown}
Scrolls
 e - 3 scrolls of enchant armour {unknown}
 g - 2 scrolls of remove curse {unknown}
 h - 2 scrolls of blinking {unknown}
 i - a scroll of identify {unknown}
Potions
 j - a potion of ambrosia {unknown}
Comestibles
 f - a beef jerky


   Skills:
 + Level 3.6 Fighting
 + Level 2.0 Axes
 + Level 2.4 Armour
 + Level 1.6 Dodging
 + Level 3.0 Invocations


You had 2 spell levels left.
You didn't know any spells.

Dungeon Overview and Level Annotations

Branches:
Dungeon (2/15)

Altars:

Annotations:
D:2 Natasha


Innate Abilities, Weirdness & Mutations

You have a pair of small horns on your head.


Message History

The white imp is moderately wounded.
You barely miss the rat. The rat closely misses you.
The crimson imp barely misses you. Natasha barely misses you.
The rat bites you. The white imp gestures at you. The puff of frost hits you!
The rat barely misses you.
The crimson imp blinks!
Natasha casts a spell.
The rat bites you but does no damage.
You hit Natasha.
Natasha is lightly wounded.
You hit the rat.
You kill the rat!
Lugonu accepts your kill.
You closely miss the crimson imp. You hit the white imp but do no damage.
The white imp is moderately wounded.
You hit the rat but do no damage. The white imp hits you.
The white imp freezes you.
* * * LOW HITPOINT WARNING * * *
Natasha claws you.
You die...

..............
.........####.
.........# #. .###
#####.....÷..# #. .....
............# ##
.....##+#...#....<## #
##..........######### #
......h.r......÷....####
#.....†@5.#...#####...##
#.#....5..'.).'...+...##
#.......#)..#####...##
#..5....#...# #...##
#.......#...# #...#.
####.##.#...#####...#.
#. #.............'. ##
#######......>##
#.......##


You could see Natasha, 2 crimson imps, a white imp and a rat.

Vanquished Creatures
  2 adders (D:2)
  An ooze (D:2)
  2 worms (D:2)
  3 bats (D:1)
  5 hobgoblins
  6 kobolds
  A giant gecko (D:1)
  2 giant newts (D:2)
  5 goblins
  6 jackals
  2 rats (D:2)
35 creatures vanquished.

Notes
Turn   | Place    | Note
--------------------------------------------------------------
     0 | Abyss:1  | Gargoyl the Demonspawn Abyssal Knight began the quest for the Orb.
     0 | Abyss:1  | Reached XP level 1. HP: 18/18 MP: 2/2
    32 | Abyss:1  | Noticed a neqoxec
    46 | Abyss:1  | Noticed a large abomination
    55 | Abyss:1  | Noticed a quasit
    56 | Abyss:1  | Noticed a green draconian
    57 | D:1      | Escaped the Abyss
   232 | D:1      | Gained mutation: You have a pair of small horns on your head. [demonic ancestry]
   232 | D:1      | Reached XP level 2. HP: 10/24 MP: 3/3
   442 | D:1      | Reached * piety under Lugonu
   684 | D:1      | Reached skill level 1 in Dodging
  1000 | D:2      | Reached XP level 3. HP: 16/29 MP: 3/5
  1788 | D:2      | Noticed Natasha
  1796 | D:2      | Slain by Natasha

Action                   || total
-------------------------++-------
Melee: Hand axe          ||    92
Invok: Depart the Abyss  ||     1
  Use: Potion            ||     1
  Eat: Bread ration      ||     1
